 Dungeon Crawl Stone Soup version 0.23.1-37-gaa34b87 (webtiles) character file.

Game seed: 8532801172611987396

123 myga the Skirmisher (level 5, 0/42 HPs)
             Began as a Barachi Abyssal Knight on Mar 25, 2019.
             Was a Follower of Lugonu.
             Slain by a gnoll
             ... wielding a +0 halberd
              (7 damage)
             ... on level 3 of the Dungeon.
             The game lasted 00:13:43 (3392 turns).

myga the Skirmisher (Barachi Abyssal Knight)        Turns: 3392, Time: 00:13:43

Health: 0/42       AC:  5    Str: 15    XL:     5   Next: 7%
Magic:  6/6        EV: 12    Int: 12    God:    Lugonu [*.....]
Gold:   68         SH:  0    Dex: 17    Spells: 4/4 levels left

rFire    . . .     SeeInvis .     - Unarmed
rCold    . . .     Gourm    .   (no shield)
rNeg     . . .     Faith    .   e - +2 leather armour {MR+}
rPois    .         Spirit   .   (no helmet)
rElec    .         Reflect  .   (no cloak)
rCorr    .         Harm     .   (no gloves)
MR       +....                  (no boots)
Stlth    ++........             (no amulet)
HPRegen  0.14/turn              i - ring of flight
MPRegen  0.10/turn              l - +6 ring of dexterity

@: slow
A: +LOS, swims, slowness 1, strong legs 1
a: Hop, Depart the Abyss, Renounce Religion, Evoke Flight


You were on level 3 of the Dungeon.
You worshipped Lugonu.
Lugonu was aware of your devotion.
You were hungry.

You visited 1 branch of the dungeon, and saw 3 of its levels.
You visited the Abyss 1 time.

You collected 68 gold pieces.

Inventory:

Armour
 a - a +0 ring mail
 c - a +0 leather armour
 e - a +2 leather armour of magic resistance (worn)
 j - a +0 robe
 k - a +0 ring mail
Jewellery
 i - a ring of flight (left hand)
 l - a +6 ring of dexterity (right hand)
Scrolls
 d - a scroll of enchant armour
 f - a scroll of random uselessness
 g - a scroll of identify
Potions
 m - a potion of agility
 n - a potion of magic
Comestibles
 b - 4 rations
 h - 2 chunks of flesh


   Skills:
 + Level 4.1 Fighting
 + Level 3.8 Armour
 + Level 1.9 Dodging
 + Level 0.8 Stealth
 + Level 3.8 Unarmed Combat
 + Level 1.6 Invocations


You had 4 spell levels left.
You didn't know any spells.
Your spell library was empty.

Dungeon Overview and Level Annotations

Branches:
Dungeon (3/15)

Altars:


Innate Abilities, Weirdness & Mutations

Shadows flee at your approach. (+LOS)
You can swim through water.
You cover ground slowly.
You can hop short distances.


Message History

The gnoll is moderately wounded.
The gnoll barely misses you.
You hit the gnoll.
The gnoll is heavily wounded.
The gnoll closely misses you.
You hit the gnoll but do no damage.
The gnoll is heavily wounded.
The gnoll closely misses you.
You hit the gnoll.
The gnoll is almost dead.
You closely miss the gnoll.
The gnoll is almost dead.
The gnoll closely misses you.
You barely miss the gnoll.
The gnoll is almost dead.
The gnoll hits you with a +0 halberd!
* * * LOW HITPOINT WARNING * * *
The gnoll closely misses you.
The gnoll hits you from afar with a +0 halberd!
You die...

############
...........#
##########.##
####...####
####.........#
##.##.##...##.# #.#
######.#.#.###.###.#
#.# #.ggg.###..# #.#
#.# ... #.####@#...#
#.# #.# #.# #.#
##.######)###.# #.#
#÷# ###
###÷..##.#### #.#
#g# #............
#.# #g#
#.#...##.####
###.###.#
#.##.##...#
#####..gg...#
#.##.##...###
(.....†.##########
#.##........#
#####.#####
#...####.###........


You could see 3 gnolls.

Vanquished Creatures
  5 gnolls
  2 adders (D:2)
  2 oozes
  A worm (D:2)
  2 leopard geckos (D:3)
  3 orcs (D:3)
  6 bats
  A giant cockroach (D:1)
  3 goblins (D:1)
  7 hobgoblins
  4 frilled lizards
  4 kobolds
  3 rats
43 creatures vanquished.

Notes
Turn   | Place    | Note
-------+----------+-------------------------------------------
     0 | Abyss:1  | myga the Barachi Abyssal Knight began the quest for the
                  | Orb.
     0 | Abyss:1  | Reached XP level 1. HP: 18/18 MP: 2/2
    37 | Abyss:1  | Noticed a large abomination
    63 | Abyss:1  | Noticed a bone dragon
    67 | Abyss:1  | Noticed a large abomination
    72 | D:1      | Escaped the Abyss
   437 | D:1      | Reached * piety under Lugonu
   437 | D:1      | Reached XP level 2. HP: 25/25 MP: 3/3
   556 | D:1      | Reached skill level 4 in Fighting
   866 | D:1      | HP: 1/25 [gnoll/+0 club (2)]
   905 | D:1      | Reached XP level 3. HP: 8/30 MP: 4/4
  2303 | D:2      | Reached XP level 4. HP: 14/37 MP: 5/5
  3056 | D:3      | Reached XP level 5. HP: 4/42 MP: 6/6
  3392 | D:3      | Slain by a gnoll

Skill      XL: |  1  2  3 |
---------------+----------+-----
Fighting       | 4 |  4.1
Armour         | 3 |  3.8
Unarmed Combat | 3 |  3.8
Dodging        | |  1.9
Stealth        | |  0.8
Invocations    | |  1.6

Action                   |  1- 3 |  4- 6 || total
-------------------------+-------+-------++-------
Melee: Unarmed           |   176 |    80 ||   256
       Punch             |     2 |       ||     2
Invok: Depart the Abyss  |     1 |       ||     1
 Abil: Hop               |     2 |     1 ||     3
  Use: Potion            |     4 |     1 ||     5
       Scroll            |       |     4 ||     4
 Stab: Invisible         |     2 |     1 ||     3
       Sleeping          |       |     2 ||     2
  Eat: Chunk             |     1 |     4 ||     5
       Ration            |     1 |       ||     1
Armor: Leather armour    |    37 |    12 ||    49
Dodge: Dodged            |    82 |    50 ||   132
